[Event "*** Titled Tuesday 3|2 Blitz"]
[Site "Chess.com"]
[Date "2015.07.07"]
[Round "9"]
[White "zmaj23"]
[Black "alturas_pacificas"]
[Result "1-0"]
[WhiteElo "2461"]
[BlackElo "2094"]
[TimeControl "180+2"]
[EndTime "12:50:45 PDT"]
[Termination "zmaj23 won by resignation"]

1. e4 c6 2. Nc3 d5 3. Nf3 dxe4 4. Nxe4 Nf6 5. Qe2 Nxe4 6. Qxe4 Nd7 7. Bc4 Nf6 8. Ne5 e6 9. Qe2 Be7 10. O-O O-O 11.
Rd1 Nd7 12. d4 Nxe5 13. Qxe5 Bf6 14. Qh5 Qe7 15. c3 Rd8 16. Bf4 Bd7 17. Bd3 g6 18.
Qf3 Be8 19. Re1 Bg7 20. Re3 Qd7 21. Bg5 Rdc8 22. Bc4 c5 23. d5 exd5 24. Bxd5 Rab8 25. Re7 Qb5 26. Bxf7+ Kh8 27. Be6 Qxb2 28.
Re1 Qxc3 29. Bxc8 Rxc8 30. Rxe8+ 1-0

[Event "*** Titled Tuesday 3|2 Blitz"]
[Site "Chess.com"]
[Date "2015.07.07"]
[Round "9"]
[White "AndreyOstrovskiy"]
[Black "Jahonas"]
[Result "1-0"]
[WhiteElo "2335"]
[BlackElo "2119"]
[TimeControl "180+2"]
[EndTime "12:50:53 PDT"]
[Termination "AndreyOstrovskiy won by resignation"]

1. e4 c6 2. d4 d5 3. exd5 cxd5 4. Bd3 Nf6 5. c3 Nc6 6. Bf4 g6 7. Nf3 Bg7 8. O-O O-O 9. Re1 Bf5 10. Bxf5 gxf5 11.
Ne5 e6 12. Nd2 Nxe5 13. Bxe5 Nd7 14. Bxg7 Kxg7 15. Re3 Kh8 16. Rh3 Qf6 17. Qh5 Qg6 18. Qxg6 fxg6 19. Re1 Rf6 20. Rhe3 Nf8 21. Nf3 h6 22. h4 b5 23. Ra1 Rf7 24. a4 Rb7 25. axb5 Rxb5 26. Re2 a5 27. Ne5 Rab8 28. Nd3 Kg8 29.
Ra4 Kf7 30. Re1 Nd7 31. Rea1 Ra8 32. Kf1 Nb6 33. Ne5+ Kg7 34. R4a2 Nc4 35. b4 Nxe5 36. dxe5 Rc8 37. Rxa5 Rxa5 38. bxa5 Rxc3 39. a6 Rc8 40. a7 Ra8 41. Ke2 Kf7 42. Kd3 Ke7 43.
Kd4 Kd7 44. Ra6 g5 45. h5 Kc7 46. Rxe6 1-0

[Event "*** Titled Tuesday 3|2 Blitz"]
[Site "Chess.com"]
[Date "2015.07.07"]
[Round "9"]
[White "kesarev"]
[Black "PauloCesarCosta"]
[Result "1/2-1/2"]
[WhiteElo "2188"]
[BlackElo "2017"]
[TimeControl "180+2"]
[EndTime "12:50:53 PDT"]
[Termination "Game drawn by agreement"]

1. Nf3 Nf6 2. c4 c6 3. e3 d5 4. Nc3 Bg4 5. Qb3 Qb6 6. cxd5 Qxb3 7. axb3 Bxf3 8. gxf3 Nxd5 9. e4 Nc7 10. d4 e6 11. Bf4 Kd7 12. Bd3 Bb4 13. Ke2 Nba6 14. Rhg1 g6 15. h4 Rad8 16. h5 Kc8 17. Be5 Rhg8 18.
Bf6 Rd7 19. hxg6 hxg6 20. Rh1 Be7 21. Bxe7 Rxe7 22. Rh7 Kb8 23. Na4 Nb4 24. Rah1 Nxd3 25. Kxd3 Na6 26. Kc3 Kc7 27. b4 Kd8 28. Nc5 Nb8 29.
Rh8 Ree8 30. Rxg8 Rxg8 31. Rh7 b6 32. Nd3 1/2-1/2

[Event "*** Titled Tuesday 3|2 Blitz"]
[Site "Chess.com"]
[Date "2015.07.07"]
[Round "9"]
[White "Lupul_Cenusiu"]
[Black "Viaje"]
[Result "1/2-1/2"]
[WhiteElo "2377"]
[BlackElo "2251"]
[TimeControl "180+2"]
[EndTime "12:51:30 PDT"]
[Termination "Game drawn by repetition"]

1. d4 Nf6 2. c4 c5 3. d5 b5 4. Nf3 Bb7 5. Nc3 b4 6. Na4 d6 7. a3 a5 8. Qc2 g6 9. e4 Nbd7 10. h3 Bg7 11. Bd3 O-O 12. O-O e6 13. dxe6 fxe6 14.
Re1 e5 15. axb4 axb4 16. b3 Nb8 17. Bg5 Nc6 18. Nb2 Qd7 19. Bxf6 Rxf6 20. Rxa8+ Bxa8 21. Be2 Bb7 22. Nd1 Nd4 23. Nxd4 exd4 24. Nb2 Rf8 25. Nd3 Bxe4 26. Bg4 Bxd3 27. Qxd3 Qc7 28. Be6+ Kh8 29. g3 Re8 30. Re4 Bf6 31. h4 Kg7 32. Kg2 Qc6 33.
Bd5 Qd7 34. h5 Rxe4 35. Bxe4 Qg4 36. hxg6 hxg6 37. Bf3 Qg5 38. Be4 Qg4 39. Qb1 Be5 40. Bd3 Qe6 41. Qa1 Qe7 42. Qa8 Bf6 43. Qc8 Be5 44. Qg4 Qf7 45. f4 Bf6 46. Be4 Qe8 47.
Kf3 Qf7 48. Qc8 Qe7 49. g4 g5 50. Qf5 gxf4 51. Kxf4 Qe5+ 52. Qxe5 Bxe5+ 53. Kf5 Bh2 54. g5 Bg3 55. g6 Bh2 56. Ke6 Be5 57. Kf5 Bh2 58. Ke6 Be5 59. Kf5 Bh2 1/2-1/2

[Event "*** Titled Tuesday 3|2 Blitz"]
[Site "Chess.com"]
[Date "2015.07.07"]
[Round "9"]
[White "Penguininja"]
[Black "Danirod"]
[Result "0-1"]
[WhiteElo "2126"]
[BlackElo "2391"]
[TimeControl "180+2"]
[EndTime "12:52:26 PDT"]
[Termination "Danirod won by resignation"]

1. d4 Nf6 2. Nf3 e6 3. c4 Bb4+ 4. Bd2 Qe7 5. g3 Bxd2+ 6. Qxd2 Nc6 7. a3 d5 8. Qc2 e5 9. cxd5 Nxd5 10. dxe5 Nxe5 11.
Bg2 O-O 12. O-O c6 13. Nc3 Nxf3+ 14. Bxf3 Nxc3 15. Qxc3 Bh3 16. Rfd1 Rfd8 17. b4 h6 18. Rd4 Rxd4 19. Qxd4 a5 20. Rc1 axb4 21. axb4 Ra4 22. Qc5 Qf6 23. Bg2 Bxg2 24. Kxg2 Qe6 25. Rc2 Qe4+ 26. f3 Qe6 27. b5 Ra5 28. Rb2 Rxb5 29. Rxb5 Qxe2+ 30. Kh3 Qxb5 31. Qe7 g6 32. Qe8+ Kg7 33.
Qe7 Qf5+ 34. Kg2 b5 35. g4 Qd5 36. h4 c5 37. g5 hxg5 38. hxg5 Qd4 39. Qb7 b4 40.
Qb5 Qc3 41. f4 b3 42. f5 gxf5 0-1

[Event "*** Titled Tuesday 3|2 Blitz"]
[Site "Chess.com"]
[Date "2015.07.07"]
[Round "9"]
[White "AlexanderL"]
[Black "Dr-Bassem"]
[Result "1-0"]
[WhiteElo "2524"]
[BlackElo "2473"]
[TimeControl "180+2"]
[EndTime "12:53:06 PDT"]
[Termination "AlexanderL won by resignation"]

1. d4 e6 2. e4 d5 3. e5 c5 4. c3 Nc6 5. Nf3 Bd7 6. Be2 f6 7. O-O Qc7 8. Re1 O-O-O 9. Bf4 h6 10. Bg3 f5 11. Nh4 Nge7 12. f4 g5 13. Nf3 Ng6 14. fxg5 hxg5 15. Nxg5 cxd4 16. Nf7 Bc5 17. Kh1 f4 18. Bf2 Ncxe5 19. Nxh8 Rxh8 20. cxd4 f3 21. Bg3 fxg2+ 22. Kxg2 Bc6 23. dxc5 d4+ 24. Kg1 d3 25. Bxd3 Qe7 26. Be4 Rd8 27. Qe2 Qxc5+ 28. Bf2 Qb4 29. Bxc6 bxc6 30. Qe4 Qf8 31. Nc3 Nf3+ 32. Kh1 Nxe1 33.
Qxc6+ Kb8 34. Bxa7+ Kxa7 35. Nb5+ 1-0

[Event "*** Titled Tuesday 3|2 Blitz"]
[Site "Chess.com"]
[Date "2015.07.07"]
[Round "9"]
[White "pedromartinez91"]
[Black "HansCoolNiemann"]
[Result "0-1"]
[WhiteElo "2177"]
[BlackElo "2000"]
[TimeControl "180+2"]
[EndTime "12:53:06 PDT"]
[Termination "HansCoolNiemann won on time"]

1. d4 d5 2. Nf3 Nf6 3. g3 c5 4.
Bg2 cxd4 5. Nxd4 e5 6. Nb3 Be6 7. O-O Nc6 8. Bg5 a5 9. Nc3 a4 10. Nd2 Be7 11. Bxf6 gxf6 12. e4 dxe4 13. Ncxe4 f5 14.
Nc3 a3 15. b3 Qa5 16. Ne2 O-O 17. c3 Rfd8 18. Qc2 Qc5 19. Rac1 Rac8 20. Nc4 b5 21. Bxc6 bxc4 22. Bg2 cxb3 23. axb3 Rb8 24. c4 Qb4 25. Bd5 Qxb3 26. Bxe6 fxe6 27. c5 Qxc2 28. Rxc2 Rb2 29. Rfc1 Ra8 30. c6 Rxc2 31. Rxc2 a2 32. c7 a1=Q+ 33.
Kg2 Rc8 0-1

[Event "*** Titled Tuesday 3|2 Blitz"]
[Site "Chess.com"]
[Date "2015.07.07"]
[Round "9"]
[White "Tirantes"]
[Black "alexsuper1987"]
[Result "1/2-1/2"]
[WhiteElo "2203"]
[BlackElo "2062"]
[TimeControl "180+2"]
[EndTime "12:53:38 PDT"]
[Termination "Game drawn by agreement"]

1. c4 Nf6 2. Nc3 c5 3. g3 e6 4.
Nf3 Be7 5. Bg2 O-O 6. d4 cxd4 7. Nxd4 d5 8. cxd5 exd5 9. O-O Nc6 10. Bg5 Bg4 11. h3 Be6 12. Rc1 Rc8 13. Qa4 Nxd4 14. Qxd4 h6 15. Bxf6 Bxf6 16. Qd2 Qa5 17. Rfd1 Rfd8 18.
a3 d4 19. Ne4 Qxd2 20. Nxd2 Rxc1 21. Rxc1 d3 22. exd3 Bxb2 23. Rb1 Bxa3 24. Rxb7 Rxd3 25. Rxa7 g6 26. Ne4 Kg7 27. h4 Bb2 28. Kh2 Bd4 29.
Rc7 Rd1 30. Rc2 Be5 31. Re2 Ra1 32. Nc5 Kf6 33. Nxe6 fxe6 34. f4 Bd6 35. Bh3 e5 36. fxe5+ Bxe5 37. Rf2+ Ke7 38. Re2 Kf6 39. Rf2+ 1/2-1/2

[Event "*** Titled Tuesday 3|2 Blitz"]
[Site "Chess.com"]
[Date "2015.07.07"]
[Round "9"]
[White "lukas_111111"]
[Black "KyronGriffith"]
[Result "1-0"]
[WhiteElo "2195"]
[BlackElo "2242"]
[TimeControl "180+2"]
[EndTime "12:53:45 PDT"]
[Termination "lukas_111111 won by resignation"]

1. e4 c5 2. Nf3 d6 3. d4 cxd4 4. Nxd4 Nf6 5. Nc3 a6 6. Bg5 Nbd7 7. Qe2 Qc7 8. O-O-O h6 9. Bh4 b5 10. f4 g5 11.
fxg5 hxg5 12. Bxg5 Bb7 13. Kb1 Rc8 14. Nf5 e6 15. Nd5 Nxd5 16. exd5 Ne5 17. Bf6 Rg8 18. Bxe5 dxe5 19. d6 Qd7 20. Ne3 Rc6 21. Ng4 Rxg4 22. Qxg4 Bxd6 23. Qg8+ Ke7 24. Be2 Qc7 25. Rhf1 f5 26.
Bh5 Qd7 27. Qg5+ Kf8 28. Qf6+ Kg8 29. Rd3 e4 30. Qg6+ Kf8 31. Qf6+ Kg8 32. Rh3 Qg7 33. Bf7+ Kf8 34. Rh8+ Qxh8 35. Qxh8+ Kxf7 36. Qh7+ Kf6 37. Qxb7 Rc5 38. Qxe4 Rd5 39. Qf3 a5 40. g4 a4 41. h4 a3 42. gxf5 exf5 43. Qxd5 1-0

[Event "*** Titled Tuesday 3|2 Blitz"]
[Site "Chess.com"]
[Date "2015.07.07"]
[Round "9"]
[White "wonderfultime"]
[Black "GMHess"]
[Result "0-1"]
[WhiteElo "2556"]
[BlackElo "2547"]
[TimeControl "180+2"]
[EndTime "12:53:46 PDT"]
[Termination "GMHess won by resignation"]

1. d4 g6 2. c4 Bg7 3. Nc3 c5 4. d5 Bxc3+ 5. bxc3 f5 6. h4 Nf6 7. h5 Rg8 8. hxg6 hxg6 9. Nf3 Qa5 10. Qd3 d6 11. Ng5 Nbd7 12. Bf4 Nb6 13. g3 Bd7 14.
Bg2 O-O-O 15. Ne6 Rde8 16. a4 Qa6 17. a5 Nxc4 18. O-O Ng4 19. Rfb1 Rh8 20. Nxc5 dxc5 21.
d6 Nxd6 22. Bxb7+ Qxb7 23. Rxb7 Bc6 24. Rb8+ Kxb8 25. Bxd6+ Ka8 26. f3 Rh1+ 27. Kxh1 Nf2+ 28. Kg2 Nxd3 29. Bc7 Rc8 30. Bb6 Ne5 31. Bxc5 Bxf3+ 32. exf3 Rxc5 33. f4 Nc6 34. a6 Ra5 35. Re1 Ra2+ 36.
Kh3 Rxa6 37. Re6 Nb8 38. Rxe7 Rc6 39. Kh4 a5 40. Re5 Ra6 41. Kg5 a4 42. Re2 a3 43.
Ra2 Nd7 44. g4 fxg4 45. Kxg4 Nf6+ 46. Kg5 Ne4+ 0-1

[Event "*** Titled Tuesday 3|2 Blitz"]
[Site "Chess.com"]
[Date "2015.07.07"]
[Round "9"]
[White "MinhGTrAn"]
[Black "Cryptochess"]
[Result "1-0"]
[WhiteElo "2579"]
[BlackElo "2366"]
[TimeControl "180+2"]
[EndTime "12:53:51 PDT"]
[Termination "MinhGTrAn won by resignation"]

1. d4 Nf6 2. Bg5 e6 3. e4 h6 4. Bxf6 Qxf6 5. c3 g6 6. Nd2 Bg7 7. g3 O-O 8. Bg2 d6 9. Ne2 Qe7 10. O-O b6 11. e5 d5 12. f4 Ba6 13. g4 f6 14. exf6 Bxf6 15. Rf2 Nd7 16. Ng3 c5 17. Nf3 cxd4 18. cxd4 Bg7 19. Qa4 Bd3 20. Rd1 Be4 21. Nxe4 dxe4 22. Ne5 Nxe5 23. dxe5 e3 24. Re2 Rad8 25. Rde1 g5 26. fxg5 Qxg5 27. Rxe3 Rf4 28. Re4 Rdf8 29. h3 h5 30. Qd7 Qg6 31. gxh5 Qg3 32.
Qxe6+ Kh8 33. Qg6 Qh4 34. e6 Bd4+ 35. Kh1 Rxe4 36. Rxe4 Qe7 37. Rxd4 Qc5 38. Qh6+ 1-0

[Event "*** Titled Tuesday 3|2 Blitz"]
[Site "Chess.com"]
[Date "2015.07.07"]
[Round "9"]
[White "Dlugy"]
[Black "GeorgMeier"]
[Result "0-1"]
[WhiteElo "2553"]
[BlackElo "2725"]
[TimeControl "180+2"]
[EndTime "12:54:04 PDT"]
[Termination "GeorgMeier won by resignation"]

1. d4 Nf6 2. c4 e6 3. Nf3 d5 4. Nc3 Be7 5. Bg5 h6 6. Bh4 O-O 7.
e3 b6 8. Bxf6 Bxf6 9. Qb3 dxc4 10. Bxc4 Bb7 11. Be2 Nd7 12. Rd1 Qe7 13. O-O Rfd8 14.
e4 g6 15. Rfe1 Bg7 16. h3 a6 17. d5 Nc5 18. Qc2 exd5 19. Nxd5 Qxe4 20. Qxe4 Nxe4 21. Nxc7 Rxd1 22. Rxd1 Rc8 23. Nd5 Rc2 24. Bd3 Nxf2 25. Ne7+ Kf8 26. Bxc2 Nxd1 27. Nxg6+ fxg6 28. Bxd1 Bxb2 29. Bb3 Ke7 30. Kf2 Kd6 31. Ke3 Kc5 32. g4 g5 33. h4 Bc1+ 34. Ke2 Bf4 35. hxg5 hxg5 36. Ne1 Kd4 37. Be6 b5 38. Nf3+ Kc3 39. Ne1 Be4 40.
Kf2 a5 41. Ng2 Bd2 42. Ke2 b4 43. Ne3 Bxe3 44. Kxe3 Bc2 45. Bd5 a4 46. Ke2 a3 47.
Ke3 b3 0-1

[Event "*** Titled Tuesday 3|2 Blitz"]
[Site "Chess.com"]
[Date "2015.07.07"]
[Round "9"]
[White "MichiganEagle"]
[Black "matein28"]
[Result "0-1"]
[WhiteElo "2256"]
[BlackElo "2239"]
[TimeControl "180+2"]
[EndTime "12:54:16 PDT"]
[Termination "matein28 won by resignation"]

1. d4 d5 2. Nf3 Nf6 3. c4 c6 4. Qc2 g6 5. Bf4 Bg7 6. e3 O-O 7. Nbd2 Ne4 8. Nxe4 dxe4 9. Nd2 f5 10. Be2 Nd7 11.
O-O e5 12. dxe5 Nxe5 13. Rad1 Qe7 14. Nb3 Be6 15. h3 Rad8 16. a3 Nd3 17. Bxd3 exd3 18. Rxd3 Rxd3 19. Qxd3 Bxb2 20. Nd4 Bf7 21. Rb1 Bxa3 22.
Qb3 b5 23. Nxc6 Qe4 24. Qxa3 Qxb1+ 25. Kh2 b4 26. Qxa7 Qe4 27. Ne7+ Kg7 28. f3 Qd3 29. Be5+ Kh6 30. h4 Qxc4 31. Bf4+ Kh5 32. Kh3 Qf1 33. Kg3 Qe1+ 34. Kh2 Qxh4+ 35. Kg1 Rd8 36. g4+ fxg4 37. Qa5+ g5 38. Qxd8 Qe1+ 39. Kg2 Qe2+ 40. Kg3 Qxf3+ 41. Kh2 Qh3+ 42. Kg1 g3 43. Bxg3 Qxg3+ 44. Kf1 Bc4+ 0-1

[Event "*** Titled Tuesday 3|2 Blitz"]
[Site "Chess.com"]
[Date "2015.07.07"]
[Round "9"]
[White "stefanodinn"]
[Black "Recombinant"]
[Result "1-0"]
[WhiteElo "2123"]
[BlackElo "2101"]
[TimeControl "180+2"]
[EndTime "12:54:19 PDT"]
[Termination "stefanodinn won by checkmate"]

1. Nf3 b5 2. e3 b4 3. a3 e6 4.
axb4 Bxb4 5. c3 Be7 6. d4 Bb7 7. Bd3 f5 8. O-O Nf6 9. c4 Be4 10. Nc3 Bxd3 11. Qxd3 c6 12. d5 cxd5 13. cxd5 h6 14.
Rd1 Kf7 15. Ne5+ Ke8 16. d6 Bf8 17. e4 fxe4 18. Nxe4 Nc6 19. Bf4 Nxe5 20. Bxe5 Kf7 21. Ra4 Qb6 22. Qf3 Qd8 23. Nxf6 gxf6 24. Qh5+ Kg8 25. Rg4+ Bg7 26. Qg6 Rh7 27. Bxf6 Qe8 28. Qxh7+ Kxh7 29. Rxg7+ Kh8 30. Re7+ Kg8 31. Rxe8+ Rxe8 32. Be7 Rb8 33. Rd2 a5 34. g3 a4 35. Kg2 h5 36. f4 Kf7 37. Kh3 e5 38. fxe5 Ke6 39. Rd4 Kxe5 40. Rxa4 Rxb2 41. Ra5+ Ke6 42. Rxh5 Kf7 43.
Rh6 Ra2 44. Rf6+ Kg7 45. Rf3 Ra1 46. g4 Ra2 47. Kg3 Ra4 48. h4 Kh7 49. h5 Ra2 50.
Kh4 Ra1 51. Kg5 Kg7 52. h6+ Kg8 53. Rf8+ Kh7 54. Rf7+ Kg8 55. Kg6 Ra8 56. h7+ Kh8 57. Bf6# 1-0

[Event "*** Titled Tuesday 3|2 Blitz"]
[Site "Chess.com"]
[Date "2015.07.07"]
[Round "9"]
[White "FancyPlaySyndrome"]
[Black "nijat_a"]
[Result "0-1"]
[WhiteElo "2349"]
[BlackElo "2630"]
[TimeControl "180+2"]
[EndTime "12:55:02 PDT"]
[Termination "nijat_a won by resignation"]

1. e4 Nf6 2. e5 Nd5 3. d4 d6 4.
Nf3 Bg4 5. Be2 e6 6. c4 Nb6 7.
exd6 cxd6 8. Be3 Be7 9. O-O O-O 10. Nc3 Nc6 11. b3 d5 12. c5 Nc8 13. a3 Bf6 14.
Rc1 N8e7 15. Nb5 Nf5 16. b4 a6 17. Nd6 Nxd6 18. cxd6 Qxd6 19. Rc5 Rac8 20. Qd2 Bxf3 21.
Bxf3 b6 22. Rcc1 a5 23. bxa5 Nxa5 24. Qa2 Nc4 25. a4 Nxe3 26. fxe3 Bg5 27. Qb3 g6 28.
Be2 h5 29. Ba6 Rc7 30. Rxc7 Qxc7 31. Re1 Ra8 32. Bb5 Rc8 33. Qb2 Bh4 34. Rf1 Bg5 35.
Qf2 Qe7 36. g3 Rc3 37. Re1 Qa3 38. Be8 Qe7 39. Bb5 Qc7 40. Re2 Kg7 41. Kg2 Rc1 42.
h4 Be7 43. Qf3 Bd6 44. Rf2 Bxg3 45. Qf6+ Kg8 46. Rf1 Rc2+ 47. Kg1 Be1 48. Qe5 Qxe5 49. dxe5 Bxh4 50. Be8 Rc7 51. Rb1 Bg5 52. Kf2 Rc3 53.
e4 dxe4 54. Rb4 e3+ 55. Kf3 Bd8 56. Rf4 Rc7 57. Re4 Bg5 58. Bb5 Rc5 59. Be2 Kg7 60. Bb5 Bd8 61. Rxe3 Bc7 62. Re1 Bxe5 63. Rb1 Kf6 64.
Be8 Rc3+ 65. Ke4 Rc4+ 66. Kd3 Rd4+ 67. Ke3 Ke7 68. Bc6 Rh4 69. Kf3 Bd4 70. Rd1 e5 71.
Kg3 Rg4+ 72. Kf3 Rg1 73. Rd2 f5 0-1

[Event "*** Titled Tuesday 3|2 Blitz"]
[Site "Chess.com"]
[Date "2015.07.07"]
[Round "9"]
[White "wanyaland"]
[Black "BjarkeSahl"]
[Result "1/2-1/2"]
[WhiteElo "2181"]
[BlackElo "2121"]
[TimeControl "180+2"]
[EndTime "12:55:13 PDT"]
[Termination "Game drawn by agreement"]

1. Nf3 f5 2. g3 Nf6 3. Bg2 g6 4. d3 Bg7 5. O-O O-O 6. c4 d6 7. Nc3 c6 8. Rb1 a5 9. a3 Na6 10. b4 axb4 11. axb4 Nc7 12. b5 cxb5 13. Nxb5 Nxb5 14. Rxb5 Ng4 15. h3 Nh6 16. Ng5 e6 17.
Bxb7 Bxb7 18. Rxb7 Qc8 19. Qb3 Nf7 20. Nxf7 Rxf7 21.
Rxf7 Kxf7 22. Be3 Rb8 23. Qa3 Qc6 24. Qa2 Rb2 25. Qa7+ Kg8 26. Re1 h5 27. Qe7 d5 28.
cxd5 Qxd5 29. Bg5 Rb7 30. Qe8+ Kh7 31. Rc1 e5 32. Qc6 Qxc6 33. Rxc6 Rb1+ 34. Kg2 Rb2 35. Kf3 Rb7 36. Rd6 Ra7 37. e4 Rf7 38. Ke3 Bf8 39.
Rd5 fxe4 40. dxe4 Bg7 41. h4 Ra7 42. f4 Ra3+ 43. Rd3 Ra4 44. f5 gxf5 45. exf5 Rg4 46. Kf2 Kg8 47. Rd7 Bf8 48. f6 Bc5+ 49. Kg2 Rd4 50. f7+ Kg7 51. Rc7 Bf8 52. Kf3 Kg6 53.
Be3 Rd6 54. Ke4 Rf6 55. Kxe5 Rxf7 56. Rxf7 Kxf7 57. Kf5 Be7 58. Bg5 Bd6 59. Bf4 Be7 60. Be5 Bd8 61. Bf4 Be7 62. Bg5 Bd6 63. g4 hxg4 64. Kxg4 Kg6 65. h5+ Kh7 66. Kf5 1/2-1/2

[Event "*** Titled Tuesday 3|2 Blitz"]
[Site "Chess.com"]
[Date "2015.07.07"]
[Round "9"]
[White "Canonkasparov"]
[Black "MFBerna"]
[Result "1-0"]
[WhiteElo "2253"]
[BlackElo "2117"]
[TimeControl "180+2"]
[EndTime "12:55:36 PDT"]
[Termination "Canonkasparov won on time"]

1. d4 d5 2. Nf3 Nf6 3. Bf4 Bf5 4. c4 c6 5. Qb3 Qb6 6. c5 Qxb3 7. axb3 Nbd7 8. h3 a6 9. Nbd2 h6 10. e3 e6 11. b4 Rc8 12. Nb3 Ra8 13. b5 cxb5 14. Bxb5 Be7 15. Ne5 Rc8 16. Ba4 Bc2 17.
O-O Bxb3 18. Bxb3 Nxe5 19. Bxe5 O-O 20. Ba4 Rfd8 21. f3 Nd7 22. Bxd7 Rxd7 23. b4 f6 24. Bg3 Bd8 25. b5 axb5 26. Rfb1 Bc7 27. Bxc7 Rcxc7 28. Rxb5 Kf7 29. Rab1 e5 30. Kf2 Re7 31. Rb6 Rcd7 32. R1b2 Rc7 33. h4 h5 34. Rd6 Red7 35. Rbb6 exd4 36. exd4 Ke7 37. g4 hxg4 38. fxg4 Kf7 39. h5 Kg8 40. Kf3 Kf7 41. h6 gxh6 42. Rxf6+ Kg7 43. Rg6+ Kf8 44. Rxh6 Rf7+ 45. Rhf6 Rxf6+ 46. Rxf6+ Kg7 47. Rd6 Rf7+ 48. Kg3 Re7 49. Rxd5 Kg6 50.
Kf4 Rf7+ 51. Ke4 Rf1 52. Rd7 Re1+ 53. Kd5 Rb1 54. Re7 Kg5 55. Re4 Rb4 56. Ke5 Rc4 57. Kd6 Kh4 58. Kc7 Rb4 59. c6 bxc6 60. Kxc6 Kg5 61. Kc5 Ra4 62. Kb5 Ra1 63. d5 Rd1 64. Kc6 Kf6 65. d6 Rc1+ 66. Kd7 Rd1 67. Kc7 Rc1+ 68. Kd8 Kf7 69. d7 Rd1 70. g5 Rg1 71. Kc7 Rc1+ 72. Kd6 Rd1+ 73. Kc6 Rc1+ 74. Kd5 Rd1+ 75.
Rd4 Rxd4+ 76. Kxd4 Ke7 77. g6 Kxd7 78. g7 1-0

[Event "*** Titled Tuesday 3|2 Blitz"]
[Site "Chess.com"]
[Date "2015.07.07"]
[Round "9"]
[White "Ginger_GM"]
[Black "jbj"]
[Result "1/2-1/2"]
[WhiteElo "2391"]
[BlackElo "2289"]
[TimeControl "180+2"]
[EndTime "12:57:14 PDT"]
[Termination "Game drawn - insufficient material"]

1. g4 c6 2. g5 h6 3. g6 fxg6 4.
d4 d5 5. Nf3 Bf5 6. Bf4 g5 7.
Bg3 e6 8. h4 gxh4 9. Nxh4 Bd6 10. e4 Bxe4 11. Qh5+ Kd7 12. Bxd6 Kxd6 13. f3 Bxc2 14.
Rg1 g5 15. Ng6 Bxg6 16. Qxg6 Qf6 17. Qd3 Nd7 18. Nc3 Re8 19. O-O-O Kc7 20. Qc2 Kb8 21. b4 e5 22. dxe5 Nxe5 23. b5 Nxf3 24. Rg4 Ne7 25.
Bg2 Ne5 26. Ra4 Nc8 27. bxc6 Nxc6 28. Nxd5 Qa1+ 29. Kd2 Qe5 30. Kc1 N8e7 31. Nxe7 Rxe7 32. Bxc6 Qa1+ 33. Qb1 Qc3+ 34. Qc2 Qa1+ 35. Qb1 Qxb1+ 36. Kxb1 bxc6 37. Rd6 Rc8 38. Rxh6 Rg7 39. Rb4+ Ka8 40. Kc2 g4 41. Rh2 g3 42. Rg2 c5 43. Re4 Kb7 44.
Kd3 Rf8 45. Re3 Rf2 46. Rgxg3 Rxg3 47. Rxg3 Rxa2 48. Kc4 Rc2+ 49. Kb3 Rc1 50. Rg6 Rh1 51. Kc4 Rh5 52. Kb5 a6+ 53. Ka5 c4+ 54. Kb4 Rh4 55. Rf6 Ka7 56. Re6 Kb7 57. Kc5 c3 58. Re7+ Kb8 59. Re3 c2 60. Rc3 Rh2 61. Kb6 Rh6+ 62.
Ka5 Kb7 63. Rxc2 Rh5+ 64. Kb4 Kb6 65. Re2 Rh4+ 66. Kb3 Rh6 67. Re5 a5 68. Rf5 Re6 69. Ka4 Re4+ 70. Kb3 Rd4 71. Re5 Rb4+ 72. Ka3 Ka6 73.
Rf5 Rh4 74. Re5 Kb6 75. Rf5 Rg4 76. Re5 Rg3+ 77. Ka4 Rg4+ 78. Kb3 Rf4 79. Rd5 Ka6 80. Re5 Kb6 81. Rd5 Rb4+ 82. Ka3 Rh4 83. Re5 Rh3+ 84.
Ka4 Rh1 85. Rb5+ Kc6 86. Rxa5 Ra1+ 87. Kb4 Rxa5 88. Kxa5 1/2-1/2

[Event "*** Titled Tuesday 3|2 Blitz"]
[Site "Chess.com"]
[Date "2015.07.07"]
[Round "9"]
[White "chessloveyou"]
[Black "Bab3s"]
[Result "1/2-1/2"]
[WhiteElo "1981"]
[BlackElo "2144"]
[TimeControl "180+2"]
[EndTime "13:02:25 PDT"]
[Termination "Game drawn by stalemate"]

1. d4 Nf6 2. c4 e6 3. g3 d5 4. Bg2 Be7 5. Nh3 O-O 6. O-O c5 7. cxd5 exd5 8. Nc3 cxd4 9. Qxd4 Nc6 10. Qd1 d4 11.
Nb1 Bc5 12. Nd2 Re8 13. Nb3 Bb6 14. Bg5 h6 15. Bxf6 Qxf6 16. Nf4 Qd8 17. Nd5 Be6 18. Nxb6 Qxb6 19. Bxc6 Bxb3 20. Qxb3 Qxb3 21. axb3 bxc6 22. Rfe1 Rab8 23. Ra3 Rb7 24. Kf1 Reb8 25. Rc1 Rxb3 26. Rxa7 Rxb2 27. Rxc6 R8b7 28. Rxb7 Rxb7 29. Rd6 Rb4 30.
Ke1 Kf8 31. Kd2 Ke7 32. Ra6 Rb2+ 33. Kd3 Kd7 34. Ra4 Ke6 35. Rxd4 f5 36. Ra4 h5 37. Ra6+ Kf7 38. h4 g6 39. Ke3 Rc2 40. Rd6 Rb2 41. Rd2 Rb4 42. Kf3 Kf6 43. Ra2 Rc4 44. Ra6+ Kf7 45.
e3 Rb4 46. Ke2 Rb2+ 47. Kf3 Rb4 48. Rd6 Ra4 49. Ke2 Ra2+ 50. Rd2 Ra3 51. f3 Kf6 52. Rb2 Rc3 53. Kd2 Ra3 54. Ke2 Rc3 55. Kf2 Ra3 56.
Rb6+ Kf7 57. e4 fxe4 58. fxe4 Rc3 59. Ra6 Rb3 60. Ra1 Kf6 61. Ra5 Rc3 62. Ra6+ Kf7 63. Ra8 Rb3 64. Ra1 Rc3 65. Kg2 Kf6 66. Ra6+ Kf7 67.
Ra8 Re3 68. Ra4 Kf6 69. Kf2 Rb3 70. Ra6+ Kf7 71. e5 Rb5 72. Rf6+ Kg7 73. Re6 Kf7 74. Rf6+ Kg7 75. Kf3 Rxe5 76. Rc6 Rf5+ 77. Ke4 Ra5 78.
Kf4 Ra4+ 79. Ke5 Rg4 80. Rc7+ Kh6 81. Rc3 Ra4 82. Rd3 Ra5+ 83. Rd5 Ra3 84. Kf4 Ra4+ 85.
Kf3 Rb4 86. Re5 Ra4 87. Re4 Ra1 88. Kf4 Rf1+ 89. Ke3 Kg7 90. Rf4 Rg1 91. Rf3 Ra1 92.
Kf4 Kf6 93. Ke4+ Ke6 94. Rb3 Ra4+ 95. Kf3 Ra5 96. Kf4 Ra4+ 97. Kf3 Kf6 98. Rb6+ Kf5 99. Rb5+ Kf6 100. Rb1 Ra3+ 101. Kf4 Ra4+ 102. Kf3 Kf5 103. Rb6 Ra3+ 104. Kg2 Ra2+ 105. Kh3 Rd2 106. Rb5+ Kf6 107. Rg5 Rf2 108. g4 Rf3+ 109. Kg2 hxg4 110. Rxg4 Ra3 111. Rf4+ Kg7 112. Rg4 Kh6 113. Rb4 Kh5 114. Kh2 Rc3 115. Kg2 Rd3 116. Kh2 Rd2+ 117. Kg3 Rd3+ 118. Kg2 Rd5 119. Kh2 Rf5 120. Kg3 Ra5 121. Rb3 Ra4 122. Rb5+ Kh6 123. Rb6 Kh5 124. Rb5+ Kh6 125. Kh3 Rc4 126. Rd5 Ra4 127. Rb5 Rc4 128. h5 gxh5 129. Kg3 Rg4+ 130. Kh3 Rg6 131. Kh4 Rg4+ 132. Kh3 Rf4 133. Re5 Kg6 134. Kg3 Ra4 135. Rb5 Ra3+ 136. Kh4 Ra4+ 137. Kh3 Ra6 138. Kg3 Rf6 139. Kh4 Rf4+ 140. Kh3 Rf5 141. Rxf5 Kxf5 142. Kh4 Kg6 143. Kh3 Kg5 144. Kg3 h4+ 145. Kh3 Kh5 146. Kh2 Kg4 147. Kg2 h3+ 148. Kh2 Kh4 149. Kh1 Kg3 150. Kg1 h2+ 151. Kh1 Kh3 1/2-1/2